[Event "Late-Titled-Tuesday-Blitz-March-12-2024"]
[Site "Chess.com"]
[Date "2024.03.12"]
[Round "11"]
[White "GMKrikor"]
[Black "jstopa4"]
[Result "1-0"]
[WhiteElo "2886"]
[BlackElo "2741"]
[TimeControl "180+1"]
[EndTime "16:02:46 PDT"]
[Termination "GMKrikor won by resignation"]

1. Nf3 d5 2. c4 c6 3. d4 Nf6 4. Nc3 e6 5. Qc2 c5 6. cxd5 cxd4 7. Nxd4 exd5 8. Bf4 Be7 9. e3 O-O 10. Bd3 Nc6 11. Nxc6 bxc6 12. O-O Be6 13. Rac1 Qa5 14. Rfd1 h6 15. b3 Ba3 16. Rb1 Bb4 17. Na4 Rac8 18. Be5 Be7 19. Bc3 Qc7 20. Rbc1 c5 21. Bxf6 gxf6 22.
Ba6 Qe5 23. Bxc8 Rxc8 24. Qd2 Bd6 25. f4 Qh5 26. Nc3 d4 27. Ne4 Be7 28. exd4 Bg4 29.
Re1 Rd8 30. Ng3 1-0

[Event "Late-Titled-Tuesday-Blitz-March-12-2024"]
[Site "Chess.com"]
[Date "2024.03.12"]
[Round "11"]
[White "emeli_chess"]
[Black "noblerone"]
[Result "1-0"]
[WhiteElo "2412"]
[BlackElo "2559"]
[TimeControl "180+1"]
[EndTime "16:02:46 PDT"]
[Termination "emeli_chess won by resignation"]

1. d4 d5 2. c4 c6 3. Nc3 Nf6 4.
e3 a6 5. c5 Bf5 6. f4 e6 7.
Nf3 Ne4 8. Bd2 Be7 9. Be2 O-O 10. O-O h6 11. Be1 Nd7 12. b4 Nxc3 13. Bxc3 Nf6 14. a4 Qc7 15. Qb3 Rfe8 16. Rfc1 Bg4 17. Be1 Ne4 18. h3 Bf5 19. Nd2 Nxd2 20. Bxd2 Be4 21. b5 axb5 22. axb5 Bf6 23. Bd3 Bxd3 24.
Qxd3 g6 25. Qb3 Bg7 26. Rcb1 g5 27. g3 Qe7 28. bxc6 bxc6 29. Rxa8 Rxa8 30. Qb7 Ra2 31. Qxe7 1-0

[Event "Late-Titled-Tuesday-Blitz-March-12-2024"]
[Site "Chess.com"]
[Date "2024.03.12"]
[Round "11"]
[White "JaackCamel"]
[Black "lasRojas"]
[Result "0-1"]
[WhiteElo "2206"]
[BlackElo "2322"]
[TimeControl "180+1"]
[EndTime "16:02:51 PDT"]
[Termination "lasRojas won on time"]

1. d4 Nf6 2. c4 e6 3. Nc3 Bb4 4. Qc2 O-O 5. a3 Bxc3+ 6. Qxc3 Qe8 7.
Qc2 d6 8. e4 e5 9. d5 a5 10. b3 Na6 11. Bd3 Nc5 12. h3 a4 13.
b4 Nb3 14. Ra2 Nxc1 15. Qxc1 Bd7 16. Ne2 b5 17. c5 c6 18. O-O Rc8 19. Rc2 cxd5 20. c6 Bxc6 21. exd5 Bxd5 22. Bf5 Rxc2 23. Qxc2 g6 24. Bg4 h5 25. Bf3 e4 26. Nf4 exf3 27. Qc3 fxg2 28. Rd1 Bb3 29. Rxd6 Ne4 30. Rxg6+ fxg6 0-1

[Event "Late-Titled-Tuesday-Blitz-March-12-2024"]
[Site "Chess.com"]
[Date "2024.03.12"]
[Round "11"]
[White "mishanick"]
[Black "shimastream"]
[Result "1-0"]
[WhiteElo "3117"]
[BlackElo "2990"]
[TimeControl "180+1"]
[EndTime "16:02:52 PDT"]
[Termination "mishanick won by resignation"]

1. d4 g6 2. e4 d6 3. Nc3 Nf6 4. f4 Bg7 5. Nf3 O-O 6. Bd3 Nc6 7. e5 dxe5 8. dxe5 Nd5 9. Nxd5 Qxd5 10. Qe2 Bf5 11.
Bxf5 gxf5 12. O-O Rfd8 13. c3 e6 14. Be3 Ne7 15. h3 Ng6 16. Rfd1 Qe4 17. g3 Bf8 18. Kf2 a5 19. Rd4 Rxd4 20. Bxd4 Qc6 21. Rd1 a4 22. Be3 Ne7 23. Nd4 Qe4 24. Qf3 Qxf3+ 25. Kxf3 Rd8 26. Ke2 h5 27. Nxf5 Rxd1 28. Nxe7+ Bxe7 29. Kxd1 b5 30. Ke2 Kf8 31. Kd3 Ke8 32. b3 axb3 33. axb3 Kd7 34. Ke4 Kc6 35. g4 hxg4 36. hxg4 Kd7 37.
f5 Bf8 38. b4 Ke8 39. f6 Kd7 40. g5 Kc6 41. Bd4 Kd7 42. Kf4 Ke8 43. Kg4 Kd7 44.
Kh5 Kc6 45. g6 fxg6+ 46. Kxg6 Kd5 47. f7 1-0

[Event "Late-Titled-Tuesday-Blitz-March-12-2024"]
[Site "Chess.com"]
[Date "2024.03.12"]
[Round "11"]
[White "IranianCheetah"]
[Black "FMYiLiu"]
[Result "0-1"]
[WhiteElo "2367"]
[BlackElo "2485"]
[TimeControl "180+1"]
[EndTime "16:02:59 PDT"]
[Termination "FMYiLiu won on time"]

1. e4 e6 2. d4 d5 3. Nd2 c5 4. Ngf3 cxd4 5. exd5 Qxd5 6. Bc4 Qd7 7. O-O Nc6 8. Nb3 a6 9. Nbxd4 Nxd4 10. Nxd4 Qc7 11. Qe2 Bd6 12. h3 Ne7 13. Bg5 O-O 14. Rad1 Ng6 15.
c3 b5 16. Bxb5 axb5 17. Nxb5 Bh2+ 18. Kh1 Qb8 19. g3 Ba6 20. c4 Bxb5 21. cxb5 Bxg3 22. fxg3 Qxg3 23. Qg2 Qxg2+ 24. Kxg2 Rxa2 25. Rf2 f6 26. Be3 Ne5 27. b4 Nc4 28. Bc5 Rxf2+ 29. Kxf2 Rb8 30. Rc1 Ne5 31. Ke3 Rxb5 32. Ra1 Nc6 33. Ra8+ Kf7 34. Ra4 e5 35. Kd3 Rb7 36. Kc4 Nb8 37. b5 Nd7 38. Ra7 Rxa7 39. Bxa7 Ke6 40. b6 Kd6 41. Kb5 h5 42. b7 Kc7 43. Ka6 e4 0-1

[Event "Late-Titled-Tuesday-Blitz-March-12-2024"]
[Site "Chess.com"]
[Date "2024.03.12"]
[Round "11"]
[White "Vadim_Galchenko"]
[Black "cthulhuuu"]
[Result "1-0"]
[WhiteElo "2615"]
[BlackElo "2437"]
[TimeControl "180+1"]
[EndTime "16:03:03 PDT"]
[Termination "Vadim_Galchenko won on time"]

1. e4 d6 2. d4 Nf6 3. Nc3 c6 4. f3 b5 5. Be3 e5 6. Qd2 Be7 7.
O-O-O b4 8. Nce2 a5 9. g4 O-O 10. Ng3 exd4 11. Bxd4 c5 12. Be3 Nc6 13. g5 Ne8 14. h4 Be6 15. Kb1 c4 16. f4 c3 17.
Qf2 a4 18. f5 Bxa2+ 19. Kxa2 b3+ 20. Kb1 Nb4 21. Bd3 a3 22. bxc3 a2+ 23. Ka1 b2+ 24.
Kxb2 Qa5 25. N1e2 Nxd3+ 26. cxd3 Rb8+ 27. Ka1 Qa3 28. Rd2 1-0

[Event "Late-Titled-Tuesday-Blitz-March-12-2024"]
[Site "Chess.com"]
[Date "2024.03.12"]
[Round "11"]
[White "VD_coach"]
[Black "ansko1999"]
[Result "1-0"]
[WhiteElo "2507"]
[BlackElo "2653"]
[TimeControl "180+1"]
[EndTime "16:03:15 PDT"]
[Termination "VD_coach won by checkmate"]

1. d4 f5 2. g3 Nf6 3. c3 d5 4. Bg2 e6 5. Nf3 Bd6 6. O-O O-O 7. Na3 c6 8. Nc2 Bd7 9. Nb4 Be8 10. Nd3 Bh5 11. Bf4 Ne4 12. Bxd6 Nxd6 13. Nfe5 Nd7 14. Nxd7 Qxd7 15. Ne5 Qe7 16. Bf3 Bxf3 17.
exf3 Nf7 18. Re1 Nxe5 19. Rxe5 f4 20. Qe2 fxg3 21. hxg3 Rf6 22. Re1 Re8 23. f4 g6 24.
c4 Kf7 25. cxd5 cxd5 26. Kg2 Rf5 27. Re3 h5 28. Qb5 Rf6 29. Re5 a6 30. Qb6 Rc8 31. Rxd5 Rc6 32. Qd8 Qxd8 33. Rxd8 Ke7 34. Rb8 Rc7 35.
d5 Kf7 36. d6 Rd7 37. Rc1 Kg7 38. Rc7 Rff7 39. Rbxb7 Rxd6 40. Rxf7+ Kg8 41. Rfd7 Rb6 42.
Rd8# 1-0

[Event "Late-Titled-Tuesday-Blitz-March-12-2024"]
[Site "Chess.com"]
[Date "2024.03.12"]
[Round "11"]
[White "baki83"]
[Black "LikeWater"]
[Result "1-0"]
[WhiteElo "2839"]
[BlackElo "2685"]
[TimeControl "180+1"]
[EndTime "16:03:16 PDT"]
[Termination "baki83 won by resignation"]

1. e4 c5 2. Nf3 a6 3. c3 d5 4.
exd5 Qxd5 5. d4 e6 6. Bd3 Nf6 7. O-O Nbd7 8. Re1 Be7 9. Bf4 O-O 10. c4 Qc6 11. d5 Qb6 12. Qc2 Bd6 13. Bxd6 Qxd6 14.
dxe6 fxe6 15. Nc3 h6 16. Rad1 Qc6 17. Be4 Qc7 18. h3 Nb8 19. Ne5 Nc6 20. Bxc6 bxc6 21. Na4 Qe7 22. Ng6 Qc7 23. Nxf8 Kxf8 24. Nxc5 Qe7 25. Nd3 c5 26. Qc3 Bb7 27. Nf4 Kg8 28. Rxe6 Qc7 29. Qe3 Rd8 30. Re1 Rd4 31. Rxf6 Re4 32.
Rf8+ Kxf8 33. Qxe4 Bxe4 34. Ne6+ 1-0

[Event "Late-Titled-Tuesday-Blitz-March-12-2024"]
[Site "Chess.com"]
[Date "2024.03.12"]
[Round "11"]
[White "Practical-Play"]
[Black "LornerAcosta"]
[Result "1-0"]
[WhiteElo "2485"]
[BlackElo "2600"]
[TimeControl "180+1"]
[EndTime "16:03:16 PDT"]
[Termination "Practical-Play won on time"]

1. e4 c5 2. Nc3 Nc6 3. Nf3 e6 4.
d4 cxd4 5. Nxd4 Nf6 6. Qd3 Bb4 7. Bd2 d5 8. exd5 exd5 9. Be2 O-O 10. O-O Ne5 11.
Qg3 Ng6 12. Bf3 Bd6 13. Qg5 h6 14. Qe3 a6 15. h3 Re8 16. Qd3 Ne5 17. Qe2 Bc5 18. Nb3 Bb6 19. Be3 Nxf3+ 20. Qxf3 Bxe3 21. fxe3 Be6 22. Nd4 Qb6 23. Na4 Qb4 24. b3 Bd7 25. Nb2 Bb5 26. Rf2 Rac8 27. Rd1 Qa5 28. a4 Bc6 29.
Nd3 Qc7 30. Rdf1 Rcd8 31. Nf5 Ne4 32. Qg4 g5 33. Nxh6+ 1-0

[Event "Late-Titled-Tuesday-Blitz-March-12-2024"]
[Site "Chess.com"]
[Date "2024.03.12"]
[Round "11"]
[White "DryCounty"]
[Black "AccioChess"]
[Result "1-0"]
[WhiteElo "2643"]
[BlackElo "2441"]
[TimeControl "180+1"]
[EndTime "16:03:16 PDT"]
[Termination "DryCounty won by resignation"]

1. e4 c5 2. Nf3 Nc6 3. d4 cxd4 4. Nxd4 Nf6 5. Nc3 e5 6. Ndb5 d6 7. Bg5 a6 8. Na3 b5 9. Nd5 Be7 10. Nxe7 Nxe7 11. Qf3 Nd7 12. b4 Nb6 13. c4 O-O 14.
cxb5 f6 15. Bd2 d5 16. exd5 Nexd5 17. Be2 e4 18. Qg3 f5 19. O-O f4 20. Qb3 Kh8 21. f3 e3 22. Bc3 Nxc3 23. Qxc3 Nd5 24. Qd4 Nb6 25. Rfd1 Qxd4 26. Rxd4 axb5 27. Nxb5 Be6 28. a3 Rac8 29. Rd6 Bc4 30. Rxb6 Bxe2 31. Nd4 Bd3 32. Re1 h6 33. g3 Rc3 34. gxf4 e2 35. Kf2 Rxa3 36.
Ne6 Rf6 37. Rb8+ Kh7 38. Nf8+ Kg8 39. Nd7+ Kf7 40. Nxf6 Kxf6 41. Rd8 Rb3 42. Rd4 Bb5 43. Re4 Kf5 44. Re5+ Kf6 45. Rxb5 1-0

[Event "Late-Titled-Tuesday-Blitz-March-12-2024"]
[Site "Chess.com"]
[Date "2024.03.12"]
[Round "11"]
[White "Byniolus"]
[Black "ATM622"]
[Result "1-0"]
[WhiteElo "2752"]
[BlackElo "2478"]
[TimeControl "180+1"]
[EndTime "16:03:17 PDT"]
[Termination "Byniolus won by resignation"]

1. g3 Nf6 2. d3 d5 3. c3 e5 4.
e3 Bd6 5. f3 O-O 6. b3 c5 7. a3 Nc6 8. Ne2 e4 9. dxe4 dxe4 10.
f4 Bg4 11. Bg2 Bc7 12. Qxd8 Raxd8 13. Nd2 Rfe8 14. h3 Bxe2 15. Kxe2 Rd3 16. Nxe4 Nxe4 17.
Kxd3 Nxg3 18. Rd1 Na5 19. Kc2 c4 20. bxc4 Nxc4 21. Rd7 Bb6 22. Bd5 Rc8 23. Bxf7+ Kh8 24. Bxc4 Rxc4 25. a4 Ba5 26. Bb2 h6 27. Rxb7 Nf5 28.
Re1 Bb6 29. e4 Nd6 30. Rb8+ Kh7 31. e5 Nf5 32. e6 Bc5 33. Rc8 Ne7 34. Rc7 Nd5 35. Rd7 Ne7 36. Kb3 Rxf4 37. Ba3 Bxa3 38. Kxa3 Ng6 39. e7 Nxe7 40. Rexe7 Rf3 41. Rxg7+ Kh8 42.
Kb3 Rxh3 43. Rge7 1-0

[Event "Late-Titled-Tuesday-Blitz-March-12-2024"]
[Site "Chess.com"]
[Date "2024.03.12"]
[Round "11"]
[White "lluiss"]
[Black "Incognizance"]
[Result "0-1"]
[WhiteElo "2214"]
[BlackElo "1857"]
[TimeControl "180+1"]
[EndTime "16:03:18 PDT"]
[Termination "Incognizance won on time"]

1. Nf3 d5 2. d4 Nf6 3. c4 e6 4.
cxd5 exd5 5. Nc3 Bf5 6. Qb3 b6 7. Bg5 c6 8. e4 dxe4 9. Bc4 exf3 10. Bxf7+ Kd7 11. O-O Bd6 12. g3 Na6 13. Nb5 cxb5 14. Qxb5+ Kc7 15. Qxa6 Qc8 16. Rac1+ Bc5 17. Bf4+ Kd8 18.
Qa4 Bd3 19. Rxc5 Qh3 20. Bc7+ Ke7 21. Re5+ Kxf7 22. Qb3+ Kg6 23. Qxd3+ Kh6 24. Qxf3 Ng4 25. Qf4+ g5 26. Re6+ Kh5 0-1

[Event "Late-Titled-Tuesday-Blitz-March-12-2024"]
[Site "Chess.com"]
[Date "2024.03.12"]
[Round "11"]
[White "Lion-Al-Messi"]
[Black "Alphafischer2019"]
[Result "1-0"]
[WhiteElo "2621"]
[BlackElo "2745"]
[TimeControl "180+1"]
[EndTime "16:03:19 PDT"]
[Termination "Lion-Al-Messi won on time"]

1. e4 c5 2. Nf3 Nc6 3. d4 cxd4 4. Nxd4 g6 5. c4 Nf6 6. Nc3 d6 7. Be2 Nxd4 8. Qxd4 Bg7 9. O-O O-O 10. Qd3 Be6 11.
Be3 a5 12. Rac1 a4 13. f3 Nd7 14. Bd4 Ne5 15. Qd2 Qa5 16. Kh1 Rfc8 17. b3 axb3 18. axb3 Nc6 19. Bxg7 Kxg7 20. f4 f6 21. Qe3 Qc5 22. Qg3 Nd4 23. f5 Bf7 24. fxg6 hxg6 25. Bg4 Rh8 26. Nd5 Bxd5 27. exd5 Ra3 28. Rce1 Qc7 29. Qe3 Nxb3 30. Rb1 Nd2 31. Qxd2 Qxc4 32. Bf3 Qh4 33. h3 1-0

[Event "Late-Titled-Tuesday-Blitz-March-12-2024"]
[Site "Chess.com"]
[Date "2024.03.12"]
[Round "11"]
[White "Fandorine"]
[Black "Casablanca"]
[Result "1-0"]
[WhiteElo "2936"]
[BlackElo "2586"]
[TimeControl "180+1"]
[EndTime "16:03:21 PDT"]
[Termination "Fandorine won by checkmate"]

1. d4 Nf6 2. c4 e6 3. g4 Nxg4 4. e4 Nf6 5. e5 Ne4 6. Qe2 d5 7. Bg2 Bb4+ 8. Kf1 c5 9. a3 Ba5 10. dxc5 Nxc5 11. b4 Nb3 12. bxa5 Nxa1 13. Qb2 Qxa5 14.
Qxa1 dxc4 15. Bd2 Qc7 16. Bb4 Bd7 17. Bd6 Qb6 18. Nc3 Bc6 19. Nf3 Nd7 20. Rg1 Nc5 21.
Ne1 Rg8 22. Qd1 O-O-O 23. Bxc6 Qxc6 24. Qd4 Nb3 25. Qxa7 Nd2+ 26. Ke2 Ne4 27. Nxe4 Qxe4+ 28. Qe3 Qxe3+ 29. Kxe3 b5 30. Nc2 Kb7 31. Rb1 Ka6 32.
Nd4 Rb8 33. Bxb8 Rxb8 34. Kd2 Rb7 35. Kc3 Ka5 36. f4 g6 37. h4 h6 38. Rb4 Rb6 39.
Rb1 Rb7 40. Rb2 Rb6 41. Rb4 Rb7 42. a4 Ka6 43. axb5+ Kb6 44. Rxc4 Ra7 45. Rc6+ Kb7 46. Nb3 Ra2 47. Nc5+ Kb8 48. b6 Rf2 49. Rc7 Rf3+ 50. Kc4 Rxf4+ 51. Kb5 Rf1 52. Na6+ Ka8 53. Ra7# 1-0

[Event "Late-Titled-Tuesday-Blitz-March-12-2024"]
[Site "Chess.com"]
[Date "2024.03.12"]
[Round "11"]
[White "goldihouse"]
[Black "falzehope0"]
[Result "1-0"]
[WhiteElo "2636"]
[BlackElo "2413"]
[TimeControl "180+1"]
[EndTime "16:03:24 PDT"]
[Termination "goldihouse won on time"]

1. c4 d6 2. g3 Nf6 3. Bg2 Nbd7 4.
Nc3 e5 5. e3 Be7 6. Nge2 Nf8 7.
O-O c6 8. h3 Bd7 9. d4 Qc8 10.
Kh2 Ng6 11. f4 h6 12. Qd3 exf4 13. gxf4 Nh4 14. Ng1 O-O 15. Bh1 Nh7 16. Bd2 Kh8 17. Be1 Qc7 18. Bg3 Nf5 19. Bf2 Nh4 20. Rae1 Rae8 21. Bg3 Nf5 22. Bf2 Qd8 23. Nf3 Bc8 24.
Bg2 d5 25. cxd5 cxd5 26. Ne5 Nf6 27. Ng4 Nxg4+ 28. hxg4 Nh4 29. f5 Bd6+ 30. Kh3 Nxf5 31.
gxf5 Qg5 32. Bh4 Qh5 33. Nxd5 g6 34. e4 gxf5 35. exf5 Rxe1 36. Nf6 Bxf5+ 37. Rxf5 Qg6 38. Bxe1 1-0

[Event "Late-Titled-Tuesday-Blitz-March-12-2024"]
[Site "Chess.com"]
[Date "2024.03.12"]
[Round "11"]
[White "Zohid6"]
[Black "Malev212"]
[Result "1-0"]
[WhiteElo "2881"]
[BlackElo "2622"]
[TimeControl "180+1"]
[EndTime "16:03:26 PDT"]
[Termination "Zohid6 won by resignation"]

1. e4 g6 2. d4 Bg7 3. Nc3 c5 4. dxc5 Bxc3+ 5. bxc3 Nf6 6. f3 Qa5 7. Ne2 Qxc5 8. Qd4 Qc7 9. Bf4 d6 10. Bh6 Nc6 11. Qd2 Be6 12. Nd4 Rc8 13. Bb5 Bd7 14.
O-O Nxd4 15. Bxd7+ Nxd7 16. cxd4 Nb6 17. Rac1 Nc4 18. Qf2 f6 19. f4 Kf7 20. f5 Qa5 21. Rce1 Rhg8 22. Qh4 Ke8 23. Bc1 Kd7 24. Qxh7 Qc3 25.
fxg6 Qxd4+ 26. Kh1 Rh8 27. Qf7 Ne5 28. Qb3 Nxg6 29.
Qxb7+ Rc7 30. Qb5+ Ke6 31. Bb2 Qc4 32. Qf5+ Kf7 33.
Bxf6 e6 34. Qg5 1-0

[Event "Late-Titled-Tuesday-Blitz-March-12-2024"]
[Site "Chess.com"]
[Date "2024.03.12"]
[Round "11"]
[White "KSho99"]
[Black "egnfanclub"]
[Result "0-1"]
[WhiteElo "2169"]
[BlackElo "2392"]
[TimeControl "180+1"]
[EndTime "16:03:29 PDT"]
[Termination "egnfanclub won on time"]

1. d4 d5 2. Nf3 Nf6 3. e3 e6 4. Bd3 c5 5. b3 Nc6 6. Bb2 cxd4 7.
exd4 Bd6 8. O-O O-O 9. a3 Qc7 10.
Nbd2 e5 11. dxe5 Nxe5 12. Nxe5 Bxe5 13. Bxe5 Qxe5 14. Nf3 Qh5 15. h3 Ne4 16. Re1 f5 17. c4 dxc4 18. Bxc4+ Kh8 19. Ne5 Qxd1 20. Raxd1 g6 21.
Nf7+ Kg7 22. Nd6 Nxd6 23. Rxd6 f4 24. Re7+ Kh6 25. Bd5 Rb8 26. h4 a6 27. h5 b5 28.
hxg6 hxg6 29. Be4 Bf5 30. Bxf5 Rxf5 31. Ree6 Rg5 32. Rxa6 Rc8 33. f3 Rc1+ 34. Kh2 Rc2 35.
Kg1 Rcxg2+ 36. Kf1 Rb2 0-1

[Event "Late-Titled-Tuesday-Blitz-March-12-2024"]
[Site "Chess.com"]
[Date "2024.03.12"]
[Round "11"]
[White "Rodalquilar"]
[Black "SaqoChess_Twitch"]
[Result "1-0"]
[WhiteElo "2806"]
[BlackElo "2681"]
[TimeControl "180+1"]
[EndTime "16:03:33 PDT"]
[Termination "Rodalquilar won by checkmate"]

1. d4 d5 2. Nf3 Nf6 3. Bf4 e6 4. e3 Be7 5. Nbd2 O-O 6. h3 b6 7. c3 Bb7 8. Bd3 Ne4 9. O-O Nd7 10. Qe2 f5 11. Rfe1 a5 12. Rad1 Bd6 13. c4 Bxf4 14.
exf4 Ba6 15. Nf1 Ndf6 16. Ne5 Qd6 17. f3 c5 18. fxe4 dxe4 19. dxc5 Qxc5+ 20. Qe3 exd3 21.
Qxc5 bxc5 22. Rxd3 Rfd8 23. Red1 Rxd3 24. Rxd3 Rb8 25.
b3 Ne4 26. Nd2 a4 27. Nxe4 fxe4 28. Rd6 axb3 29. axb3 Ra8 30. Rxe6 g6 31. Rc6 Bb7 32. Rc7 Bc8 33. Kf2 Be6 34. Re7 Bc8 35. Ke3 Rb8 36. Kd2 h5 37. g4 hxg4 38. hxg4 g5 39. f5 Kf8 40. f6 Rxb3 41. Ng6+ Kg8 42. Rg7# 1-0

[Event "Late-Titled-Tuesday-Blitz-March-12-2024"]
[Site "Chess.com"]
[Date "2024.03.12"]
[Round "11"]
[White "BeanScreen"]
[Black "Herman-NY"]
[Result "1-0"]
[WhiteElo "2717"]
[BlackElo "2543"]
[TimeControl "180+1"]
[EndTime "16:03:33 PDT"]
[Termination "BeanScreen won on time"]

1. e4 e5 2. Nf3 Nc6 3. Bc4 Nf6 4. d3 Be7 5. O-O O-O 6. Re1 d6 7. a4 a5 8. h3 Be6 9. Bxe6 fxe6 10. c3 h6 11.
Nbd2 Qe8 12. Nf1 Nh5 13. d4 Qg6 14. N1h2 exd4 15. cxd4 Rf7 16. Kh1 Raf8 17. g3 Nxg3+ 18. fxg3 Qxg3 19. Ra3 Bh4 20. Rg1 Qxh3 21. Ng5 Qxh2+ 22.
Kxh2 hxg5 23. Rg2 e5 24. Bxg5 Bxg5 25. Rxg5 Nxd4 26. Rgg3 Rf2+ 27. Rg2 R2f4 28. Rh3 1-0

[Event "Late-Titled-Tuesday-Blitz-March-12-2024"]
[Site "Chess.com"]
[Date "2024.03.12"]
[Round "11"]
[White "Zampronha1971"]
[Black "Kavyev_Ruslan"]
[Result "0-1"]
[WhiteElo "2316"]
[BlackElo "2466"]
[TimeControl "180+1"]
[EndTime "16:03:33 PDT"]
[Termination "Kavyev_Ruslan won by resignation"]

1. e4 c6 2. d4 d5 3. e5 Bf5 4.
Nc3 e6 5. g4 Bg6 6. Nge2 c5 7. h4 cxd4 8. Nxd4 h5 9. Bb5+ Nd7 10.
f4 hxg4 11. f5 Bxf5 12. Nxf5 exf5 13. Qxd5 Ne7 14. Qxb7 Rc8 15. Bg5 Rc7 16. Qa6 f6 17. exf6 gxf6 18. Bxf6 Rg8 19. O-O-O Kf7 20. Bg5 Rg6 21. Qa4 Bg7 22. Bxd7 Qh8 23. Bxe7 Kxe7 24. Nd5+ Kd8 25. Nxc7 Bxb2+ 26. Kb1 Kxc7 27. Qc4+ Kb8 28. Ba4 Rb6 29. Bb3 Ba3 30. c3 Rb7 31. Qg8+ Qxg8 32. Rd5 Rxb3+ 0-1

[Event "Late-Titled-Tuesday-Blitz-March-12-2024"]
[Site "Chess.com"]
[Date "2024.03.12"]
[Round "11"]
[White "ThaBarWa"]
[Black "zano2023"]
[Result "1-0"]
[WhiteElo "2344"]
[BlackElo "2214"]
[TimeControl "180+1"]
[EndTime "16:03:33 PDT"]
[Termination "ThaBarWa won by checkmate"]

1. c4 d6 2. Nf3 e5 3. Nc3 Nf6 4. d3 Nbd7 5. g3 Be7 6. Bg2 O-O 7. O-O Re8 8. Rb1 c6 9. b4 Nf8 10. Nd2 Bd7 11. b5 Ng6 12. a4 Qc8 13. Re1 Bh3 14. Bh1 Ng4 15. Ba3 Qf5 16. Nde4 Rad8 17. Bf3 d5 18.
cxd5 cxd5 19. Bxe7 Rxe7 20. Nc5 b6 21. Nb3 Red7 22.
e4 dxe4 23. dxe4 Qg5 24. Nd5 Nf4 25. gxf4 exf4 26. Bxg4 Bxg4 27. h4 Qxh4 28. Qd3 f3 29. Nd4 Qh3 30. Qf1 Qh4 31. Re3 Bh3 32. Qxh3 Qxh3 33.
Rxf3 Qg4+ 34. Rg3 Qxe4 35. Nf6+ Kh8 36. Nxe4 Rxd4 37. Re1 Re8 38. Rge3 Rxa4 39. Nd6 Rg8 40. Nxf7# 1-0

[Event "Late-Titled-Tuesday-Blitz-March-12-2024"]
[Site "Chess.com"]
[Date "2024.03.12"]
[Round "11"]
[White "Ready4abattle"]
[Black "Zavgorodniy_Sergiy"]
[Result "0-1"]
[WhiteElo "2410"]
[BlackElo "2601"]
[TimeControl "180+1"]
[EndTime "16:03:34 PDT"]
[Termination "Zavgorodniy_Sergiy won on time"]

1. e4 c6 2. d4 d5 3. e5 Bf5 4.
Nd2 e6 5. Nb3 Nd7 6. Nf3 a6 7.
a4 h6 8. c4 dxc4 9. Bxc4 Nb6 10. Be2 Nd5 11. O-O Nge7 12. Bd2 Ng6 13. a5 Ngf4 14.
Bxf4 Nxf4 15. Rc1 Nxe2+ 16. Qxe2 Be7 17. h3 O-O 18. Rfd1 Qc7 19. Nc5 Rfd8 20. b4 Bxc5 21. dxc5 Rd5 22. Rxd5 exd5 23. Nd4 Bd7 24. f4 Re8 25.
Qf3 Qd8 26. Re1 Qh4 27. Qf2 Qe7 28. g4 Bc8 29. Kh2 h5 30. f5 hxg4 31. hxg4 Qg5 32. Kg3 g6 33. Qf4 Qxf4+ 34. Kxf4 Kg7 35. f6+ Kg8 36. Rh1 Be6 37. Rf1 Bd7 38. Rh1 Be6 39. Rg1 Bc8 40. Rh1 Bd7 41. Rg1 g5+ 42. Kxg5 Rxe5+ 43. Kh4 Re4 44. Nf3 Rxb4 45. Kg5 Be6 46. Ne5 Rb5 47. Kf4 Rxc5 48. g5 Rxa5 49. g6 fxg6 50.
Kg5 d4 51. Re1 Bf5 52. Nxg6 Be6+ 53. Kh6 Kf7 54. Rf1 Rf5 55. Nh8+ Kxf6 0-1

[Event "Late-Titled-Tuesday-Blitz-March-12-2024"]
[Site "Chess.com"]
[Date "2024.03.12"]
[Round "11"]
[White "Alexei_Gubajdullin"]
[Black "Machidon"]
[Result "1-0"]
[WhiteElo "2663"]
[BlackElo "2519"]
[TimeControl "180+1"]
[EndTime "16:03:37 PDT"]
[Termination "Alexei_Gubajdullin won by checkmate"]

1. d4 Nf6 2. Nf3 e6 3. Bf4 c5 4. e3 b6 5. Be2 Bb7 6. O-O Be7 7. a4 O-O 8. a5 bxa5 9. Nbd2 cxd4 10. exd4 Nc6 11.
Nc4 d5 12. Nce5 Qb6 13. Qd3 Rac8 14. c3 Ne4 15. Nd7 Qd8 16. Nxf8 Bxf8 17. Ne5 Nxe5 18. Bxe5 Qb6 19. Ra2 Bc6 20. Qa6 Re8 21. Qxa5 Qb3 22. Bh5 Bb5 23. Re1 Bc4 24. Raa1 Qxb2 25. Bg3 a6 26. Qc7 g6 27. Bf3 Nxc3 28. Be5 Qb5 29. h4 Bb4 30. h5 Ne4 31. Bxe4 Bxe1 32. hxg6 hxg6 33. Bxg6 Bb4 34. Qxf7# 1-0

[Event "Late-Titled-Tuesday-Blitz-March-12-2024"]
[Site "Chess.com"]
[Date "2024.03.12"]
[Round "11"]
[White "RantomOpening"]
[Black "nindjaxx8"]
[Result "0-1"]
[WhiteElo "2590"]
[BlackElo "2692"]
[TimeControl "180+1"]
[EndTime "16:03:39 PDT"]
[Termination "nindjaxx8 won by checkmate"]

1. e4 e6 2. Qe2 c5 3. Nf3 Nc6 4.
d3 Nf6 5. Nbd2 d5 6. g3 dxe4 7. dxe4 Be7 8. Bg2 O-O 9. O-O Qc7 10. e5 Nd5 11. c4 Nb6 12. b3 Rd8 13. Bb2 Bd7 14.
Ne4 Be8 15. Rfd1 a5 16. Qe3 Nb4 17. Nf6+ gxf6 18. exf6 Bf8 19. Qg5+ Kh8 20. Ne5 Rxd1+ 21. Rxd1 Rd8 22. Rxd8 Qxd8 23. Ng4 Qd1+ 24. Bf1 h5 25. Nh6 Kh7 26. Ng8 Qg4 27. Qxg4 hxg4 28. Ne7 Bxe7 29. fxe7 Nc8 30. Bf6 Kg6 31. Bh4 f6 32. Bg2 Nxe7 33. Bxb7 Nf5 34. Be4 Nxa2 35. f3 Nc3 36. Bd3 Kf7 37.
fxg4 Nxh4 38. gxh4 Na2 39. Kf2 Bc6 40. Bb1 Nb4 41.
h5 Kg7 42. h4 Kh6 43. Kg3 e5 44. Kf2 Bd7 45. Kf3 Be6 46. Be4 Na2 47. Bb1 Nb4 48.
Be4 Bd7 49. Bb7 Nc6 50. Ba8 Nd4+ 51. Ke4 Bxg4 52. Kd5 Bf3+ 53. Kxc5 Bxa8 54. b4 axb4 55. Kxb4 e4 56. c5 e3 57. Kc3 e2 58. Kd2 Kxh5 59.
Ke1 Kxh4 60. c6 Bxc6 61. Kf2 Kg4 62. Ke1 Kg3 63. Kd2 Kf2 64. Kd3 e1=Q 65. Kc4 Qe3 66. Kb4 Qd3 67. Kc5 Qb5+ 68. Kd6 f5 69. Kc7 f4 70.
Kd6 f3 71. Ke7 Ne6 72. Kd6 Qd5+ 73. Ke7 Qd7+ 74. Kf6 Ke2 75. Ke5 f2 76. Kf6 f1=Q+ 77. Ke5 Qf4# 0-1

[Event "Late-Titled-Tuesday-Blitz-March-12-2024"]
[Site "Chess.com"]
[Date "2024.03.12"]
[Round "11"]
[White "Bongcloudtransvestit"]
[Black "simaopdias"]
[Result "0-1"]
[WhiteElo "2420"]
[BlackElo "2278"]
[TimeControl "180+1"]
[EndTime "16:03:44 PDT"]
[Termination "simaopdias won on time"]

1. d4 d5 2. c4 e6 3. Nf3 Be7 4. Nc3 Nf6 5. Bg5 h6 6. Bxf6 Bxf6 7. Qc2 O-O 8. e3 b6 9. h4 Bb7 10. cxd5 exd5 11. g4 Be7 12. g5 h5 13.
g6 Qe8 14. Bd3 Nd7 15. Ng5 c5 16. gxf7+ Rxf7 17. Bh7+ Kh8 18. Bg6 Bxg5 19. hxg5 cxd4 20. Qe2 Kg8 21. Rxh5 dxe3 22. O-O-O exf2 23. Qg4 Qe3+ 24. Kb1 Rf4 0-1

[Event "Late-Titled-Tuesday-Blitz-March-12-2024"]
[Site "Chess.com"]
[Date "2024.03.12"]
[Round "11"]
[White "imdvb6307"]
[Black "Smoking_Crow"]
[Result "0-1"]
[WhiteElo "2518"]
[BlackElo "2644"]
[TimeControl "180+1"]
[EndTime "16:03:46 PDT"]
[Termination "Smoking_Crow won by resignation"]

1. d4 d5 2. Nf3 Nf6 3. e3 e6 4. Nbd2 b6 5. Bd3 Bd6 6. O-O c5 7. c3 O-O 8. Re1 Bb7 9. e4 dxe4 10. Nxe4 Nxe4 11. Bxe4 Bxe4 12. Rxe4 Nd7 13. Bg5 Be7 14. Bxe7 Qxe7 15. Re3 Nf6 16. Qe2 Rfd8 17. Rd3 Nd5 18. Qe5 Rac8 19. Rad1 c4 20. R3d2 b5 21. Qh5 a5 22.
Ng5 h6 23. Ne4 b4 24. Qf3 a4 25. cxb4 Qxb4 26. a3 Qb3 27. Qxb3 axb3 28. Rc1 Nf4 29. Kf1 Nd3 30. Rc3 Rxd4 31. Ng3 Rdd8 32. Ne2 Nxb2 33.
Rxd8+ Rxd8 34. f3 Nd3 35. Rxc4 b2 36. Nc3 Rb8 37. Nb1 e5 38. Ke2 Nf4+ 39. Kf2 f6 40. Rc2 Ne6 41. Rc4 Rd8 42. Rb4 Nc5 43. Ke2 Nd3 44. Rb7 Nf4+ 45. Kf2 Rd1 46. Nc3 Rc1 47. Rb8+ Kh7 48. g3 Nd3+ 49. Ke3 Rxc3 50. Kd2 Rc1 0-1